 Seeded DCSS version 0.30.1 (webtiles) character file.

Game seed: 13076571313884902175 (custom seed)

381978 CInkIbrahim the Impregnable (level 21, -9/436 HPs)
             Began as an Armataur Berserker on July 12, 2023.
             Was the Champion of Trog.
             Mangled by an Ice Fiend (30 damage)
             ... summoned by a deep elf demonologist
             ... on level 5 of the Vaults on July 14, 2023.
             The game lasted 02:10:27 (45797 turns).

CInkIbrahim the Impregnable (Armataur Berserker)   Turns: 45797, Time: 02:10:27

Health: -9/436     AC: 45    Str: 46    XL:     21   Next: 92%
Magic:  0/21       EV: 14    Int: 11    God:    Trog [******]
Gold:   2567       SH: 10    Dex: 15    Spells: 20/20 levels left

rFire   + + .        a - +7 demon trident (venom)
rCold   . . .        s - +3 warlock's mirror {omnireflect}
rNeg    + . .        L - +5 pearl dragon scales "Buhe" {-Cast rF+ rN+ Str+6}
rPois   +            l - +2 hat of the Bear Spirit {Spirit, Bear, *Rage Will++}
rElec   +            O - +0 cloak "Ysitwe" {-Cast Will+ Dex+3}
rCorr   .            h - +1 pair of gloves {Str+3}
SInv    +            f - +6 lightning scales {swift, rElec}
Will    +++++        m - amulet of magic regeneration Stlth
                     Y - ring of the Salmon {rF+ Str+6 Int+3}
HPRegen 1.92/turn    k - ring of see invisible
MPRegen 0.57/turn

%: no spellcasting, random rage (20%), reflection, guardian spirit, roll
@: mighty, berserking, lethally poisoned (-9 -> -9), strong-willed,
regenerating, very quick
A: large, rugged brown scales 3, deformed body, armoured tail, roll, long
tongue, awkward tongue, beak, iridescent scales 1, strong-willed 2, poison
resistance
}: 2/15 runes: barnacled, gossamer
a: Renounce Religion, Berserk, Trog's Hand, Brothers in Arms


You were on level 5 of the Vaults.
You worshipped Trog.
Trog was exalted by your worship.
You visited 8 branches of the dungeon, and saw 39 of its levels.
You also visited: Gauntlet, Volcano and Desolation.

You collected 4126 gold pieces.
You spent 1559 gold pieces at shops.

Inventory:

Hand Weapons
 a - a +7 demon trident of venom (weapon)
 b - the +2 trident of the Elven Halls {vamp, rC- rN+ rCorr Dex+2}
   (You found it on level 11 of the Dungeon)

   Dex:       It affects your dexterity (+2).
   rC:        It makes you vulnerable to cold.
   rN:        It protects you from negative energy.
   rCorr:     It protects you from acid and corrosion.
 J - a +0 vampiric demon trident
Armour
 f - the +6 lightning scales (worn) {swift, rElec}
   (You acquired it on level 2 of the Dungeon)

   Swift:     It allows the wearer to cover ground more swiftly.
   rElec:     It insulates you from electricity.
 h - a +1 pair of gloves of strength (worn)
 l - the +2 hat of the Bear Spirit (worn) {Spirit, Bear, *Rage Will++}
   (You found it on level 2 of the Dungeon)

   Bear:      Going berserk makes the wearer exceptionally tough, and they are
   slowed for a shorter time afterward.
   *Rage:     It berserks you when you make melee attacks (+20% chance).
   Will:      It greatly increases your willpower.
 p - a +2 cloak of fire resistance
 r - the +2 cloak "Apeuxouv" {rPois}
   (You found it in a Gauntlet)

   rPois:     It protects you from poison.
 s - the +3 warlock's mirror (worn) {omnireflect}
   (You found it in a Gauntlet)

   Omnireflect: It can block and reflect piercing ranged attacks and magical
   attacks against the wielder's willpower.
 C - the +0 helmet "Lawuvvim" {Will++}
   (You found it on level 5 of the Dungeon)

   Will:      It greatly increases your willpower.
 L - the +5 pearl dragon scales "Buhe" (worn) {-Cast rF+ rN+ Str+6}
   (You found it in a Gauntlet)

   Str:       It affects your strength (+6).
   rF:        It protects you from fire.
   rN:        It protects you from negative energy.
   -Cast:     It prevents spellcasting.
 O - the +0 cloak "Ysitwe" (worn) {-Cast Will+ Dex+3}
   (You found it in the Desolation of Salt)

   Dex:       It affects your dexterity (+3).
   -Cast:     It prevents spellcasting.
   Will:      It increases your willpower.
 P - +0 gold dragon scales
 S - a +0 tower shield
Jewellery
 k - a ring of see invisible (right hand)
 m - an amulet of magic regeneration (around neck)
 E - a ring of positive energy
 I - the amulet "Deaxt" {Faith rPois Dex+3 SInv}
   (You found it in the Desolation of Salt)

   [amulet of faith]

   It allows you to gain divine favour quickly.
   Dex:       It affects your dexterity (+3).
   rPois:     It protects you from poison.
   SInv:      It lets you see invisible.
 Y - the ring of the Salmon (left hand) {rF+ Str+6 Int+3}
   (You took it off a merfolk on level 4 of the Shoals)

   [ring of strength]

   Str:       It affects your strength (+6).
   Int:       It affects your intelligence (+3).
   rF:        It protects you from fire.
 Z - a ring of protection from cold
Wands
 u - a wand of mindburst (13)
 w - a wand of acid (14)
 Q - a wand of digging (9)
 R - a wand of roots (33)
 U - a wand of charming (22)
 W - a wand of polymorph (25)
 X - a wand of flame (33)
Scrolls
 j - 3 scrolls of poison
 n - 2 scrolls of summoning
 t - 26 scrolls of teleportation
 x - 2 scrolls of immolation
 A - 7 scrolls of noise
 D - a scroll of silence
 G - 2 scrolls of enchant armour
 H - 8 scrolls of blinking
 K - 3 scrolls of enchant weapon
 M - 6 scrolls of fog
 N - 3 scrolls of magic mapping
Potions
 c - 2 potions of cancellation
 d - a potion of mutation
 e - 3 potions of haste
 g - 11 potions of lignification
 i - 21 potions of curing
 o - 7 potions of berserk rage
 q - 7 potions of attraction
 z - 11 potions of heal wounds
 B - 7 potions of flight
 F - 5 potions of might
 T - 6 potions of ambrosia
 V - 5 potions of resistance
Miscellaneous
 y - a phantom mirror


   Skills:
 + Level 21.2 Fighting
 + Level 17.0 Polearms
 + Level 21.4 Armour
 + Level 16.4 Dodging
 + Level 11.3 Shields
 - Level 0.2 Spellcasting


You had 20 spell levels left.
You didn't know any spells.
Your spell library was empty.

Dungeon Overview and Level Annotations

Branches:
Dungeon (15/15)            Temple (1/1) D:6            Lair (5/5) D:10
 Shoals (4/4) Lair:3       Spider (4/4) Lair:2        Slime (0/5) Lair:5
    Orc (2/2) D:10            Elf (3/3) Orc:2        Vaults (5/5) D:14
  Crypt (0/3) Vaults:3     Depths (0/4) D:15        Volcano (visited)
Desolation (visited)      Gauntlet (visited)

Altars:
Ashenzari
Cheibriados
Dithmenos
Elyvilon
Fedhas
Gozag
Hepliaklqana
Kikubaaqudgha
Makhleb
Nemelex Xobeh
Okawaru
Qazlal
Ru
Sif Muna
Trog
Uskayaw
Vehumet
Wu Jian
Xom
Yredelemnul
Zin
The Shining One

Shops:
Orc:2 (!(=   Elf:1 (   Shoals:3 (   Vaults:2 *

Annotations:
D:9 3 runed translucent doors, superradish's ghost, novice OpBr
Lair:2 2 transporters, Pepete's ghost, novice FeFE
Lair:5 1 runed translucent door
Elf:3 exclusions: 8 doors and 2 more exclusions


Innate Abilities, Weirdness & Mutations

You are completely covered in rugged brown scales. (AC +3, +7% HP)
Armour fits poorly on your strangely shaped body.
You have a long armoured tail.
You roll when moving toward enemies. (Rampage)
Your long tongue fully drains potion bottles. (2x potion effects)
Your tongue gives you trouble enunciating. (1.5x scroll delay)
You have a beak for a mouth.
You are partially covered in iridescent scales. (AC +2)
You are highly strong-willed. (Will++)
Your system is resistant to poisons. (rPois)


Message History

The large rock closely misses the rust devil.
A shadow dragon comes into view.
The vault sentinel hits you with a +0 long sword.
* * * LOW HITPOINT WARNING * * *
You impale the ironbound convoker!!
You kill the ironbound convoker!
Trog accepts your kill.
Trog appreciates your killing of a magic user.
You feel sick. You block the Ice Fiend's attack.
The Ice Fiend claws you but does no damage.
You impale the vault guard!!
You feel the power of Trog in you as your rage grows.
You kill the vault guard!
Trog accepts your kill.
You feel sick.
Your life force feels restored.
You roll towards the green death!
You puncture the green death! You tail-slap the green death.
The green death is moderately wounded.
You feel sick. The titan hits you!
* * * LOW HITPOINT WARNING * * *
The deep elf annihilator mumbles some strange words.
The deep elf annihilator blinks!
The shadow dragon bites you but does no damage.
The shadow dragon claws you but does no damage.
The shadow dragon claws you.
* * * LOW HITPOINT WARNING * * *
The vault sentinel blows a loud note on a signal horn!
The titan waves its arms in wide circles.
The air twists around and strikes you.
A vault guard comes into view. It is wielding a +0 war axe.
The storm dragon bites you but does no damage.
The storm dragon claws you but does no damage.
The storm dragon tramples you!
* * * LOW HITPOINT WARNING * * *
You hold your ground!
The soul eater closely misses you. The Ice Fiend claws you.
* * * LOW HITPOINT WARNING * * *
The Ice Fiend freezes you!!
You die...

#....# ... #
#....###.... #.
#....#......
###..#....#..?...
.....#....#....#
.D......W......#
####..§pCpc.#####
......)4DDC[.....
......<1@3p4.....
......pCc2p[e....
.....)..eC[......
####.....)..#####
......[...p.
..C.#....#.p..
##..#....#...p.#
.. #....#....p#
#....######.


You could see 2 shadow dragons, 3 titans, a storm dragon, an Ice Fiend
(summoned), a stone giant (strong), 2 vault wardens, 2 yaktaur captains, 2 vault
guards, a green death (summoned), a deep elf annihilator (strong), an ettin, a
soul eater (summoned), a deep elf demonologist (empowered), 3 vault sentinels, a
phantasmal warrior, 2 ironbound convokers, an ice devil (summoned) and a rust
devil (summoned, strong).

Vanquished Creatures
  2 dread liches
  2 ancient liches (Vaults:5)
  Frederick (Vaults:2)
  2 golden dragons
  Arachne (Spider:4)
  Mlioglotl (Shoals:2)
  A tentacled monstrosity (Vaults:5)
  2 liches
  Polyphemus (Shoals:3)
  3 titans (Vaults:5)
  The ghost of Dekalice the Slayer, an adept HOFi of Qazlal (Spider:4)
  A kraken (Shoals:2)
  3 sphinxes
  4 tengu reavers
  A shadow dragon (Vaults:5)
  2 iron dragons
  4 emperor scorpions (Spider:4)
  2 imperial myrmidons (Desolation)
  3 frost giants
  A deep elf sorcerer (Elf:1)
  17 vault wardens
  Aizul (Vaults:2)
  6 ghost moths
  2 angels (Elf:2)
  An orc warlord (Vaults:1)
  17 ironbound preservers
  2 stone giants (Vaults:5)
  2 war gargoyles
  2 broodmothers
  9 ironbound thunderhulks
  3 very ugly things
  2 deep elf demonologists
  A halazid warlock (Desolation)
  A deep elf annihilator (Vaults:4)
  Azrael (Elf:1)
  A minotaur (Gauntlet)
  3 spark wasps
  2 dire elephants
  A deep elf death mage (Vaults:4)
  8 merfolk impalers
  4 merfolk javelineers
  A crystal guardian (Desolation)
  3 ettins
  11 yaktaur captains
  4 ragged hierophants (Desolation)
  2 fire dragons (D:15)
  7 entropy weavers
  3 great orbs of eyes
  2 deep elf high priests
  9 hydras
  An ice dragon (D:14)
  26 vault guards
  4 ogre magi
  2 jorogumos
  9 servants of whispers (Desolation)
  12 boulder beetles
  6 peacekeepers
  2 alligator snapping turtles (Shoals:4)
  4 catoblepae
  3 merfolk avatars
  A radroach (Spider:2)
  3 ironbound frosthearts
  21 centaur warriors
  8 merfolk aquamancers
  4 satyrs
  10 death yaks
  11 two-headed ogres
  25 dancing weapons
  3 death knights
  A deep troll earth mage (Vaults:3)
  A tengu warrior (D:15)
  3 death scarabs
  13 deep elf knights
  2 skysharks
  6 pharaoh ants
  4 sun moths
  31 deep trolls
  2 fire crabs (D:14)
  13 sea snakes
  A deep troll (shapeshifter) (Elf:1)
  4 deep elf archers
  A kraken simulacrum (Shoals:4)
  A glowing orange brain (shapeshifter) (Vaults:1)
  2 lindwurms
  A spectral hydra (Gauntlet)
  15 orb spiders
  6 steelbarb worms
  8 wizards
  15 harpies
  5 phantasmal warriors
  30 ugly things
  16 deep elf zephyrmancers
  A necromancer (Vaults:2)
  23 ironbound convokers
  28 wolf spiders
  17 fauns
  23 deep elf pyromancers
  12 orc knights
  2 orc sorcerers
  2 cyclopes
  An oklob plant (Lair:2)
  15 manticores
  3 moths of wrath
  A manticore (shapeshifter) (Vaults:2)
  12 elephants (Lair:5)
  8 water nymphs
  18 vault sentinels
  6 merfolk sirens
  4 guardian serpents
  2 black mambas
  8 demonic crawlers
  5 torpor snails
  12 cane toads
  5 molten gargoyles
  2 gargoyles
  7 rime drakes
  A kobold demonologist (D:13)
  A storm dragon simulacrum (Vaults:2)
  2 unseen horrors (D:12)
  5 komodo dragons
  4 efreet
  31 yaktaurs
  A tengu conjurer (D:14)
  4 freezing wraiths (D:14)
  6 meliai
  5 trolls
  A polar bear (Vaults:2)
  4 wind drakes
  32 merfolk
  30 saltlings (Desolation)
  11 snapping turtles
  34 tarantellas
  13 blink frogs
  2 hornets
  A raiju (D:14)
  A dream sheep (Lair:2)
  A jumping spider (shapeshifter) (Vaults:5)
  A spectral black mamba (Gauntlet)
  5 air elementals
  24 slime creatures
  18 jumping spiders
  27 culicivoras
  A human (D:14)
  2 wraiths
  6 wyverns
  A spriggan (Lair:4)
  8 fire elementals
  2 shadows
  20 water elementals
  3 steam dragons
  51 yaks
  A golden eye (shapeshifter) (Vaults:4)
  A vampire (D:14)
  9 vampire mosquitoes
  3 basilisks
  46 redbacks
  6 wargs
  16 water moccasins
  2 acid dragons
  4 hell hounds (Elf:1)
  39 orc warriors
  A black bear (Lair:3)
  An ice beast (D:7)
  A sky beast (D:7)
  5 ogres
  14 wolves
  5 centaurs
  A phantom (D:4)
  2 kobold brigands
  4 gnoll sergeants
  11 bullfrogs
  4 earth elementals
  2 scorpions
  4 wights
  10 killer bees
  8 electric eels
  4 howler monkeys
  A centaur zombie (D:9)
  5 jellies
  A gnoll bouda (D:10)
  19 orc priests
  9 hounds
  2 sleepcaps
  Natasha (thrice) (D:4)
  5 iguanas
  21 orc wizards
  A howler monkey zombie (D:9)
  27 gnolls
  7 adders
  A white imp (D:6)
  2 worms (D:2)
  4 dart slugs
  110 orcs
  5 ball pythons
  5 endoplasms
  2 giant cockroaches (D:3)
  4 goblins
  7 hobgoblins
  16 kobolds
  5 quokkas
  2 bats (D:2)
  5 frilled lizards
  5 rats
  A fire vortex (Elf:2)
  5 tentacles
1562 creatures vanquished.

Vanquished Creatures (collateral kills)
  Bai Suzhen (Shoals:3)
  A ragged hierophant (Desolation)
  A merfolk impaler (Shoals:2)
  A peacekeeper (Desolation)
  6 vault guards
  A skyshark (Lair:5)
  An ironbound convoker (Desolation)
  A guardian serpent (Desolation)
  9 saltlings (Desolation)
  A wyvern (D:10)
  2 orc warriors
  2 wolves (D:10)
  2 howler monkeys (D:10)
  2 orc priests
  2 orc wizards
  3 orcs
36 creatures vanquished.

Vanquished Creatures (others)
  A quicksilver dragon (Vaults:5)
  A fire giant (Vaults:5)
  An ettin (Vaults:5)
  A deep elf high priest (Vaults:5)
  2 vault guards (Vaults:5)
  A deep troll (shapeshifter) (Vaults:5)
  A vault sentinel (Vaults:5)
  A saltling (Desolation)
  An orc (D:8)
  14 tentacles
24 creatures vanquished.

Grand Total: 1622 creatures vanquished

Notes
Turn   | Place    | Note
-------+----------+-------------------------------------------
     0 | D:1      | CInkIbrahim the Armataur Berserker began the quest for the
                  | Orb.
     0 | D:1      | Reached XP level 1. HP: 19/19 MP: 1/1
   267 | D:1      | Reached XP level 2. HP: 26/26 MP: 2/2
   706 | D:2      | Reached XP level 3. HP: 32/32 MP: 3/3
   877 | D:2      | Reached XP level 4. HP: 29/39 MP: 4/4
   987 | D:2      | Identified 2 scrolls of acquirement
   987 | D:2      | Acquired the +6 lightning scales {swift, rElec}
   987 | D:2      | Found the +6 lightning scales {swift, rElec}
   988 | D:2      | Acquired a manual of Fighting
  1169 | D:2      | Found the +2 hat of the Bear Spirit {Spirit, Bear, *Rage
                  | Will++}
  1723 | D:3      | Noticed a scorpion
  1729 | D:3      | Killed a scorpion
  1730 | D:3      | Reached XP level 5. HP: 48/48 MP: 5/5
  1961 | D:3      | Reached skill level 5 in Polearms
  2004 | D:3      | Reached ** piety under Trog
  2353 | D:4      | Reached XP level 6. HP: 56/56 MP: 6/6
  2502 | D:4      | Noticed Natasha
  2509 | D:4      | Killed Natasha
  2540 | D:4      | Noticed Natasha
  2547 | D:4      | Killed Natasha
  2548 | D:4      | Reached skill level 5 in Fighting
  2552 | D:4      | Identified the +2 helmet "Xenked" {Will+ Str+4}
  2593 | D:4      | Noticed Natasha
  2598 | D:4      | Killed Natasha
  2712 | D:4      | Reached XP level 7. HP: 61/65 MP: 7/7
  2716 | D:4      | Found a basalt altar of Yredelemnul.
  2975 | D:4      | Reached *** piety under Trog
  3178 | D:5      | Entered Level 5 of the Dungeon
  3447 | D:5      | Identified the +0 helmet "Lawuvvim" {Will++}
  3843 | D:5      | Found a shimmering blue altar of Sif Muna.
  4203 | D:6      | Reached XP level 8. HP: 75/75 MP: 8/8
  4766 | D:6      | Found a staircase to the Ecumenical Temple.
  4781 | Temple   | Entered the Ecumenical Temple
  5451 | D:7      | Reached XP level 9. HP: 87/87 MP: 9/9
  5547 | D:8      | Reached **** piety under Trog
  5906 | D:8      | Found a shimmering altar of Xom.
  6361 | D:8      | Reached skill level 10 in Fighting
  6741 | D:9      | Paralysed by a hornet for 1 turns
  6748 | D:9      | Reached skill level 10 in Polearms
  6887 | D:9      | Found an opulent altar of Gozag.
  6887 | D:9      | Found a glowing silver altar of Zin.
  7271 | D:9      | Reached XP level 10. HP: 100/100 MP: 10/10
  7389 | D:9      | Noticed a two-headed ogre
  7393 | D:9      | Killed a two-headed ogre
  7418 | D:9      | Found a runed translucent gate.
  7418 | D:9      | Found a runed translucent gate.
  7418 | D:9      | Found a runed translucent gate.
  7418 | D:9      | Noticed superradish's ghost (novice OpBr)
  7420 | D:9      | Found a basalt altar of Yredelemnul.
  7642 | D:10     | Entered Level 10 of the Dungeon
  7848 | D:10     | Found a staircase to the Lair.
  8173 | D:10     | Found a staircase to the Orcish Mines.
  8506 | D:10     | Found an iron altar of Okawaru.
  8506 | D:10     | Found a stormy altar of Qazlal.
  8798 | D:11     | Noticed a brown ugly thing
  8811 | D:11     | Killed a brown ugly thing
  8830 | D:11     | Reached XP level 11. HP: 106/112 MP: 11/11
  9247 | D:11     | Identified the +2 trident of the Elven Halls {vamp, rC- rN+
                  | rCorr Dex+2}
  9312 | Lair:1   | Entered Level 1 of the Lair of Beasts
  9382 | Lair:1   | Reached ***** piety under Trog
 10250 | Lair:2   | Found a dark tunnel.
 10260 | Volcano  | Entered a volcano
 10525 | Lair:2   | Found a hole to the Spider Nest.
 10555 | Lair:2   | Found a transporter.
 10557 | Lair:2   | Noticed a death yak
 10561 | Lair:2   | Noticed Pepete's ghost (novice FeFE)
 10571 | Lair:2   | Found a transporter.
 10897 | Lair:2   | Noticed an oklob plant
 10919 | Lair:2   | Killed an oklob plant
 11004 | Lair:2   | Noticed a four-headed hydra
 11012 | Lair:2   | Killed a four-headed hydra
 11018 | Lair:2   | Reached XP level 12. HP: 121/125 MP: 12/12
 11109 | Lair:2   | Noticed a seven-headed hydra
 11117 | Lair:2   | Killed a seven-headed hydra
 11631 | Lair:3   | Found a staircase to the Shoals.
 12012 | Lair:3   | Noticed an eight-headed hydra
 12017 | Lair:3   | Killed an eight-headed hydra
 12322 | Lair:4   | Noticed a catoblepas
 12334 | Lair:4   | Killed a catoblepas
 12335 | Lair:4   | Reached skill level 5 in Armour
 12550 | Lair:4   | Identified the +6 short sword "Wiolloic" {flame, Stlth+}
 13040 | Lair:5   | Entered Level 5 of the Lair of Beasts
 13199 | Lair:5   | Noticed a six-headed hydra
 13205 | Lair:5   | Killed a six-headed hydra
 13358 | Lair:5   | Found a burning altar of Makhleb.
 13371 | Lair:5   | Received a gift from Trog
 13377 | Lair:5   | Noticed a five-headed hydra
 13401 | Lair:5   | Noticed a death yak
 13404 | Lair:5   | Killed a five-headed hydra
 13414 | Lair:5   | Reached XP level 13. HP: 123/133 MP: 13/13
 13444 | Lair:5   | Reached skill level 15 in Fighting
 13460 | Lair:5   | Reached skill level 5 in Dodging
 13922 | Lair:5   | Identified the staff of poison "Atiseh" {rPois rN++ Int+3}
 14172 | Lair:5   | Reached skill level 10 in Armour
 14460 | Lair:5   | Found a runed translucent door.
 14473 | Lair:5   | Found a staircase to the Slime Pits.
 15102 | Orc:1    | Entered Level 1 of the Orcish Mines
 15110 | Orc:1    | Reached XP level 14. HP: 145/145 MP: 14/14
 15229 | Orc:2    | Entered Level 2 of the Orcish Mines
 15283 | Orc:1    | Found the +16 obsidian axe {drain, demonic, Mesm Drain Fly
                  | SInv}
 15316 | Orc:1    | Reached ****** piety under Trog
 15531 | Orc:2    | Reached skill level 1 in Shields
 15597 | Orc:2    | Found a staircase to the Elven Halls.
 15783 | Orc:2    | Received a gift from Trog
 15894 | Orc:2    | Found Igan's Antique Weapon Emporium.
 15894 | Orc:2    | Found Aseraiph's Distillery.
 16436 | Orc:2    | Found Baqan's Jewellery Shop.
 16436 | Orc:2    | Found Enoavv Supa's Antique Weapon Emporium.
 16450 | Orc:2    | Bought a crystal broad axe for 225 gold pieces
 16450 | Orc:2    | Identified the +8 broad axe "Ultimatum" {freeze, rElec rF+
                  | Dex-4} (You bought it in a shop on level 2 of the Orcish
                  | Mines)
 16450 | Orc:2    | Bought a dazzling halberd for 225 gold pieces
 16450 | Orc:2    | Identified the +5 halberd "Anlokk" {holy, rPois rN+ Will+
                  | Dex+2} (You bought it in a shop on level 2 of the Orcish
                  | Mines)
 16717 | Orc:2    | Bought a potion of resistance for 130 gold pieces
 16717 | Orc:2    | Bought a potion of resistance for 130 gold pieces
 17497 | D:12     | Received a gift from Trog
 18781 | D:14     | Reached skill level 5 in Shields
 18784 | D:14     | Found a gate leading to a gauntlet.
 18817 | Gauntlet | Entered a Gauntlet
 18817 | Gauntlet | Found a transporter.
 18826 | Gauntlet | Found a transporter.
 18829 | Gauntlet | Found a transporter.
 18830 | Gauntlet | Found a transporter.
 18846 | Gauntlet | Found a transporter.
 18858 | Gauntlet | Found the +3 warlock's mirror {omnireflect}
 18860 | Gauntlet | Found a transporter.
 18881 | Gauntlet | Found a transporter.
 18886 | Gauntlet | Found a transporter.
 18900 | Gauntlet | Found a transporter.
 18909 | Gauntlet | Found a transporter.
 18909 | Gauntlet | Found a transporter.
 18917 | Gauntlet | Found a transporter.
 19152 | Gauntlet | Identified the +2 cloak "Apeuxouv" {rPois}
 19240 | Gauntlet | Identified the +5 pearl dragon scales "Buhe" {-Cast rF+ rN+
                  | Str+6}
 19262 | Gauntlet | Identified the +3 swamp dragon scales of the Iron City of
                  | Dis {Harm rPois rF++ Str-3 Dex-2}
 19262 | Gauntlet | Identified the +7 shortbow "Uqerrono" {drain, rElec rPois
                  | rC+++ Int-4}
 19582 | D:14     | Identified the +3 lajatang of Zumuj {freeze, rF+}
 19582 | D:14     | Noticed a tengu reaver
 19591 | D:14     | Killed a tengu reaver
 19592 | D:14     | Reached XP level 15. HP: 155/155 MP: 12/15
 20003 | D:14     | Found a gate to the Vaults.
 20424 | D:15     | Entered Level 15 of the Dungeon
 20698 | D:15     | Found a sacrificial altar of Ru.
 20843 | D:15     | Reached skill level 10 in Dodging
 20859 | D:15     | Received a gift from Trog
 20929 | D:15     | Found a staircase to the Depths.
 20975 | D:15     | Identified the +5 falchion of Okawaru, Writhing {freeze,
                  | Str+4}
 21124 | D:15     | Identified the +2 cloak of Twilight {rC- Str-3 Dex+8}
 21576 | Shoals:1 | Entered Level 1 of the Shoals
 22187 | Shoals:1 | Reached XP level 16. HP: 165/165 MP: 16/16
 22659 | Shoals:2 | Noticed Mlioglotl
 22667 | Shoals:2 | Killed Mlioglotl
 22727 | Shoals:2 | Noticed a kraken
 22782 | Shoals:2 | Killed a kraken
 23145 | Shoals:2 | Received a gift from Trog
 23581 | Shoals:3 | Reached skill level 15 in Armour
 23620 | Shoals:3 | Noticed Bai Suzhen
 23636 | Shoals:3 | Killed Bai Suzhen
 23914 | Shoals:3 | Found Fyrphiwk's Weapon Emporium.
 24149 | Shoals:4 | Entered Level 4 of the Shoals
 24344 | Shoals:4 | Noticed Polyphemus
 24548 | Shoals:3 | Killed Polyphemus
 24582 | Shoals:4 | Received a gift from Trog
 24981 | Shoals:4 | Got a barnacled rune of Zot
 25075 | Shoals:4 | Reached XP level 17. HP: 155/174 MP: 17/17
 25210 | Shoals:4 | Identified the ring of the Salmon {rF+ Str+6 Int+3}
 26448 | Spider:1 | Entered Level 1 of the Spider Nest
 26792 | Lair:2   | Received a gift from Trog
 27484 | Spider:1 | Gained mutation: You are frail. (-10% HP) [potion of
                  | mutation]
 27484 | Spider:1 | Gained mutation: You are agile. (Dex +4, Str/Int -1)
                  | [potion of mutation]
 27484 | Spider:1 | Lost mutation: You are agile. (Dex +4, Str/Int -1) [potion
                  | of mutation]
 27484 | Spider:1 | Gained mutation: You are occasionally teleported next to
                  | monsters. [potion of mutation]
 27484 | Spider:1 | Gained mutation: You are partially covered in iridescent
                  | scales. (AC +2) [potion of mutation]
 27484 | Spider:1 | Lost mutation: You are frail. (-10% HP) [potion of
                  | mutation]
 27484 | Spider:1 | Gained mutation: Your movements are slightly less
                  | encumbered by armour. (ER -2) [potion of mutation]
 27657 | Orc:2    | Bought 2 potions of mutation for 208 gold pieces
 27657 | Orc:2    | Lost mutation: Your movements are slightly less encumbered
                  | by armour. (ER -2) [potion of mutation]
 27657 | Orc:2    | Lost mutation: You are occasionally teleported next to
                  | monsters. [potion of mutation]
 27657 | Orc:2    | Lost mutation: You are partially covered in iridescent
                  | scales. (AC +2) [potion of mutation]
 27657 | Orc:2    | Gained mutation: You do not regenerate when monsters are
                  | visible. [potion of mutation]
 27657 | Orc:2    | Gained mutation: Your flesh is heat resistant. (rF+)
                  | [potion of mutation]
 27657 | Orc:2    | Gained mutation: You are partially covered in large bone
                  | plates. (SH +4) [potion of mutation]
 27657 | Orc:2    | Gained mutation: You are agile. (Dex +4, Str/Int -1)
                  | [potion of mutation]
 27657 | Orc:2    | Gained mutation: You are somewhat resistant to further
                  | mutation. [potion of mutation]
 27658 | Orc:2    | Lost mutation: Your flesh is heat resistant. (rF+) [potion
                  | of mutation]
 27658 | Orc:2    | Lost mutation: You do not regenerate when monsters are
                  | visible. [potion of mutation]
 27658 | Orc:2    | Lost mutation: You are somewhat resistant to further
                  | mutation. [potion of mutation]
 27658 | Orc:2    | Lost mutation: You are partially covered in large bone
                  | plates. (SH +4) [potion of mutation]
 27658 | Orc:2    | Lost mutation: You are agile. (Dex +4, Str/Int -1) [potion
                  | of mutation]
 27658 | Orc:2    | Gained mutation: You occasionally lose the ability to drink
                  | potions when taking damage. [potion of mutation]
 27658 | Orc:2    | Gained mutation: You are partially covered in iridescent
                  | scales. (AC +2) [potion of mutation]
 27658 | Orc:2    | Gained mutation: You passively map a small area around you.
                  | [potion of mutation]
 27658 | Orc:2    | Gained mutation: You are strong-willed. (Will+) [potion of
                  | mutation]
 27658 | Orc:2    | Gained mutation: You have hidden genetic potential. [potion
                  | of mutation]
 27662 | Orc:2    | Bought a potion of might for 52 gold pieces
 27662 | Orc:2    | Bought a potion of might for 52 gold pieces
 28651 | Elf:1    | Entered Level 1 of the Elven Halls
 28791 | Elf:1    | Paralysed by an air elemental for 1 turns
 29202 | Elf:1    | Noticed Azrael
 29210 | Elf:1    | Killed Azrael
 29247 | Elf:1    | Identified the +5 scimitar of War {freeze, rC+}
 29710 | Elf:1    | Found Umoylun's Weapon Shop.
 29768 | Elf:1    | Paralysed by an air elemental for 1 turns
 30388 | Elf:2    | Found a crumbling gateway.
 30390 | Elf:2    | Found a glowing golden altar of the Shining One.
 30390 | Elf:2    | Found a glowing silver altar of Zin.
 30390 | Elf:2    | Found a white marble altar of Elyvilon.
 30417 | Elf:2    | Reached XP level 18. HP: 141/186 MP: 16/18
 30426 | Desolati | Entered the Desolation of Salt
 30466 | Desolati | Received a gift from Trog
 30757 | Desolati | Found the +27 heavy crossbow "Sniper" {heavy, Acc+∞ SInv}
 30758 | Desolati | Identified the amulet "Deaxt" {Faith rPois Dex+3 SInv}
 30763 | Desolati | Identified the +5 short sword of Wuzokywi {protect, rF++}
 31079 | Desolati | Received a gift from Trog
 31125 | Desolati | Identified the +0 scale mail of the Worm {Will+ Str+3 Int+3
                  | Stlth-}
 31191 | Desolati | Identified the +0 cloak "Ysitwe" {-Cast Will+ Dex+3}
 31202 | Desolati | Identified the +4 scale mail of the Hanged Man {+Blink
                  | Will+ Regen+ Dex-2}
 31208 | Desolati | Identified the staff of death "Laxoanumi" {rN+ Stlth+}
 31273 | Desolati | Identified the staff of earth "Duehut" {rElec}
 31663 | Elf:2    | Identified the staff of conjuration "Suph" {Drain Int+3
                  | Dex+7 Stlth+}
 31740 | Elf:2    | Found a runed translucent gate.
 31741 | Elf:2    | Found a runed translucent gate.
 31741 | Elf:2    | Found a runed translucent gate.
 31865 | Elf:2    | Gained mutation: Your mind is acute. (Int +4, Str/Dex -1)
                  | [hidden potential]
 32391 | Elf:2    | Identified the +7 halberd of Light {flame, rPois} (Trog
                  | gifted it to you on level 2 of the Elven Halls)
 32391 | Elf:2    | Received a gift from Trog
 32626 | Elf:3    | Entered Level 3 of the Elven Halls
 33208 | Elf:3    | Reached skill level 15 in Dodging
 33969 | Spider:2 | Received a gift from Trog
 33993 | Spider:2 | Reached XP level 19. HP: 195/195 MP: 19/19
 35319 | Spider:3 | Reached skill level 15 in Polearms
 36082 | Spider:3 | Received a gift from Trog
 36278 | Spider:4 | Entered Level 4 of the Spider Nest
 36426 | Spider:4 | Noticed Dekalice's ghost (adept HOFi)
 36429 | Spider:4 | Found a runed translucent door.
 36531 | Spider:4 | Noticed Arachne
 36696 | Spider:4 | Killed Arachne
 36775 | Spider:4 | Lost mutation: You passively map a small area around you.
                  | [potion of mutation]
 36775 | Spider:4 | Lost mutation: Your mind is acute. (Int +4, Str/Dex -1)
                  | [potion of mutation]
 36775 | Spider:4 | Lost mutation: You have hidden genetic potential. [potion
                  | of mutation]
 36775 | Spider:4 | Lost mutation: You occasionally lose the ability to drink
                  | potions when taking damage. [potion of mutation]
 36775 | Spider:4 | Gained mutation: You have a beak for a mouth. [potion of
                  | mutation]
 36775 | Spider:4 | Gained mutation: You are highly strong-willed. (Will++)
                  | [potion of mutation]
 36775 | Spider:4 | Gained mutation: Your system is resistant to poisons.
                  | (rPois) [potion of mutation]
 37223 | Spider:4 | Killed Dekalice's ghost
 37609 | Spider:4 | Received a gift from Trog
 38034 | Spider:4 | Got a gossamer rune of Zot
 38684 | Vaults:1 | Entered Level 1 of the Vaults
 39611 | Vaults:1 | Reached XP level 20. HP: 206/206 MP: 20/20
 40070 | Vaults:1 | Received a gift from Trog
 40694 | Vaults:2 | Noticed Frederick
 40712 | Vaults:2 | Killed Frederick
 40971 | Vaults:2 | Received a gift from Trog
 41540 | Vaults:2 | Found Makorphu's Assorted Antiques.
 41564 | Vaults:2 | Bought a potion of berserk rage for 125 gold pieces
 41564 | Vaults:2 | Bought a potion of heal wounds for 125 gold pieces
 41564 | Vaults:2 | Bought a potion of might for 100 gold pieces
 41569 | Vaults:2 | Bought a scroll of magic mapping for 187 gold pieces
 41674 | Vaults:2 | Noticed Aizul
 41681 | Vaults:2 | Killed Aizul
 42336 | Vaults:3 | Identified the +0 bardiche of the Badger {heavy, Fly rF+
                  | rCorr Dex+2} (Trog gifted it to you on level 3 of the
                  | Vaults)
 42336 | Vaults:3 | Received a gift from Trog
 43044 | Vaults:3 | Found a staircase to the Crypt.
 43181 | Vaults:3 | Reached XP level 21. HP: 216/216 MP: 21/21
 43692 | Vaults:4 | Received a gift from Trog
 44100 | Vaults:4 | Reached skill level 10 in Shields
 44723 | Vaults:5 | Entered Level 5 of the Vaults
 44723 | Vaults:5 | Noticed an ancient lich
 44734 | Vaults:5 | Noticed a golden dragon
 44750 | Vaults:5 | Received a gift from Trog
 44773 | Vaults:5 | Killed a golden dragon
 44791 | Vaults:5 | Killed an ancient lich
 45189 | Vaults:5 | Noticed a dread lich
 45247 | Vaults:4 | Killed a dread lich
 45658 | Vaults:5 | Noticed a dread lich
 45658 | Vaults:5 | Noticed an ancient lich
 45660 | Vaults:5 | Noticed a golden dragon
 45670 | Vaults:5 | Killed a dread lich
 45670 | Vaults:5 | Received a gift from Trog
 45679 | Vaults:5 | Killed an ancient lich
 45684 | Vaults:4 | Killed a golden dragon
 45797 | Vaults:5 | HP: 21/436 [Ice Fiend[a deep elf demonologist] (4)]
 45797 | Vaults:5 | Mangled by an Ice Fiend

Illustrated notes

Levels and vault maps discovered:
D:1:      lightli_arrival_boilingwater, layout_loops_cross
D:2:      layout_basic, minmay_split_cup_large
D:3:      layout_basic
D:4:      layout_gridville, minmay_ruined_shrine, uniq_natasha
D:5:      layout_loops_ring, mainiacjoe_overflow_concentric_impassable
D:6:      layout_basic, minmay_temple_entry_fiery
D:7:      layout_basic, st_stairs_2
D:8:      layout_basic, lemuel_crystal_altar
D:9:      layout_rooms, grunt_temple_overflow_gold_and_silver,
          nicolae_yredelemnul_ghost_church
D:10:     layout_cave_pools, gammafunk_temple_overflow_elements,
          erik_lair_island, david_orc_5, nicolae_benzene_ring,
          chequers_serial_rivers_large_b
D:11:     nrook_guardian_serpent_snake_passage, layout_irregular_city,
          kennysheep_generic_room_13
D:12:     layout_roguey
D:13:     layout_roguey
D:14:     layout_irregular_city, grunt_vaults_entry_fortified,
          chequers_mini_garden, gauntlet_entry_generic,
          dilly_guarded_unrand_elemental_staff
D:15:     grunt_enter_depths_hoard, layout_loops_ring,
          nicolae_ru_the_path_less_chosen
Temple:   nicolae_temple_superstar
Lair:1:   layout_roguey, grunt_megastairs_4
Lair:2:   layout_chaotic_city, spider_nest_entry_rubble,
          nicolae_volcano_entry_hallway, nzn_ghost_randoct,
          minmay_lair_oklob_items, nzn_random_ring, serial_bayou_shore_a,
          serial_bayou_shore_b
Lair:3:   layout_misc_corridors, minmay_shoals_entry_centaurs
Lair:4:   wad_woods_04, layout_hall_layers, st_stairs_9
Lair:5:   gammafunk_lair_ancient_temple, layout_gridlike, slime_entry_2,
          basic_altar, st_stairs_7, minmay_hedge_maze
Shoals:1: layout_shoals, nicolae_shoals_lost_giant_baths,
          nicolae_shoals_seven_spires
Shoals:2: layout_shoals, nicolae_shoals_cliffside_cave, uniq_mlioglotl
Shoals:3: layout_shoals, serial_shops, shop, uniq_bai_suzhen
Shoals:4: shoals_end_grunt_ice, layout_shoals, uniq_polyphemus
Spider:1: layout_spider_delve
Spider:2: layout_spider_delve, drop_trap, nicolae_spider_rock_and_or_roll
Spider:3: layout_spider_delve
Spider:4: johnstein_spider_rune_arachne_lair, hellmonk_ghost_happy_afterlife
Orc:1:    layout_diamond_mine, dreamdust_deal_with_the_devil
Orc:2:    st_orc_town, layout_diamond_mine
Elf:1:    eino_elf_arrival_customs, layout_geoelf_grid, serial_shops,
          nicolae_shop_window_shopping, minmay_elf_annihilation,
          palyth_stone_intersect, uniq_azrael
Elf:2:    nicolae_elf_blades_crystal_corner, layout_geoelf_octagon,
          portal_desolation_entry_holy_temple, minivault_27, st_stairs_14,
          minivault_8
Elf:3:    minmay_elf_hall_statues, layout_geoelf_castle, uniq_saint_roka
Vaults:1: vaults_room_hallway, nicolae_vaults_closet_pinwheel_1,
          nicolae_vaults_apartment_2, v_misc_16, nicolae_vaults_an_arrangement,
          nicolae_vaults_storage_closets_1, nicolae_vaults_theta,
          nicolae_vaults_trapezoid_lopsided_4, nicolae_vaults_mini_display_case,
          nicolae_vaults_border_crossing, layout_vaults_quadrants
Vaults:2: dpeg_vaults_waves, ontoclasm_vaults_eye, vaults_dpeg_hooks,
          hangedman_vaults_variations, nicolae_vaults_storage_closets_2,
          nicolae_vaults_closet_pinwheel_1, serial_ice_h,
          ontoclasm_vaults_ring_small, layout_vaults_big_room, serial_shops,
          shop, uniq_aizul, uniq_frederick
Vaults:3: blue_anna_dwarven_crypt, nicolae_vaults_cornered_office,
          hangedman_vaults_slither, nicolae_vaults_storage_closets_3,
          hangedman_vaults_stagger, st_cells, ontoclasm_vaults_ring_square,
          nicolae_vaults_alarming, vaults_room_ringed_pool, vaults_room_pools,
          nicolae_vaults_variable_pillar_hall, layout_vaults_omnibox
Vaults:4: nicolae_vaults_steering_wheel, nicolae_vaults_little_squares_2,
          vaults_dpeg_encased_lava, vaults_room_boxed, v_rooms_4, v_rooms_4,
          ontoclasm_vaults_decontamination, v_rooms_6,
          nicolae_vaults_wine_cellar, grunt_vaults_hallway_short,
          layout_vaults_omnicross
Vaults:5: serial_shops

Skill      XL: |  1  2  3  4  5  6  7  8  9 10 11 12 13 14 15 16 17 18 19 20 21 |
---------------+----------------------------------------------------------------+-----
Polearms       | 3 4 5 6 7 8 10 12 13 14 15 16 17 | 17.0
Fighting       | 3 4 5 6 8 10 12 14 15 16 17 18 19 20 21 | 21.2
Armour         | 7 10 12 14 15 17 18 19 20 21 | 21.4
Dodging        | 4 6 8 10 12 14 15 16 | 16.4
Shields        | 5 6 9 11 | 11.3
Spellcasting   | |  0.2

Action                     |  1- 3 |  4- 6 |  7- 9 | 10-12 | 13-15 | 16-18 | 19-21 || total
---------------------------+-------+-------+-------+-------+-------+-------+-------++-------
  Melee: Spear             |    75 |    60 |       |       |       |       |       ||   135
         Tailslap          |     9 |    10 |    31 |   119 |   237 |   182 |   273 ||   861
         Halberd           |       |    71 |   185 |       |       |       |       ||   256
         Trident           |       |       |   178 |   630 |   787 |       |    32 ||  1627
         Demon trident     |       |       |       |       |   499 |  1444 |  1447 ||  3390
         Peck              |       |       |       |       |       |       |   310 ||   310
 Invoke: Berserk           |     2 |     3 |     4 |     1 |     4 |     3 |     4 ||    21
         Trog's Hand       |       |       |     2 |     7 |     9 |     9 |     6 ||    33
         Brothers in Arms  |       |       |       |     3 |     2 |     6 |     5 ||    16
  Evoke: Wand              |       |       |       |     4 |       |       |     3 ||     7
    Use: Scroll            |       |     3 |     7 |    10 |    16 |     4 |     2 ||    42
         Potion            |       |       |     2 |       |       |    10 |    13 ||    25
   Stab: Sleeping          |     1 |       |       |       |       |       |       ||     1
         Petrified         |       |       |       |     3 |       |       |       ||     3
         Distracted        |       |       |       |       |     1 |       |       ||     1
         Invisible         |       |       |       |       |       |    25 |     3 ||    28
         Confused          |       |       |       |       |       |       |     1 ||     1
 Armour: Animal skin       |    13 |    72 |    48 |       |       |       |       ||   133
         Ring mail         |       |       |   161 |   182 |       |       |       ||   343
         Leather armour    |       |       |       |   170 |   358 |       |       ||   528
         Chain mail        |       |       |       |       |    18 |       |       ||    18
         Pearl dragon scal |       |       |       |       |   136 |   908 |   780 ||  1824
  Dodge: Dodged            |    20 |    40 |    86 |   131 |   288 |   562 |   548 ||  1675
  Block: Buckler           |       |       |       |       |    19 |   456 |   486 ||   961
         Reflection        |       |       |       |       |     8 |    57 |    73 ||   138
